Cogmind - Beta 14 @@@ ROGUE MODE // 2024.10.15 @ 23:11:58 Player: THN-L0C Result: Escaped! Performance ------------- Evolutions (9) 4500 Regions Visited (27) 5400 Robots Destroyed (251) 1255 Value Destroyed (11636) 11636 Prototype IDs (57) 1140 Alien Tech Used (0) 0 Bonus (12949) 12949 TOTAL SCORE: 36880 Bonus ------- High Alert Combat Kills 1431 Follower Combat Kills 4559 Entered Garrisons 1400 Used RIF Installer 2500 Aligned with FarCom 300 Win 3000 Friendly Fire -241 Cogmind --------- Core Integrity 1453/1600 Matter 147/300 Energy 174/190 System Corruption 9% Temperature Cool (10) Movement Flying (28) Location To Epsilon Eridani Parts ------- > --- POWER (2) -------- Light Quantum Reactor > --- PROPULSION (8) --- Cooled Field Propulsion Drive Cooled Field Propulsion Drive Cooled Field Propulsion Drive Q-thruster Q-thruster > --- UTILITY (12) ----- Experimental Cooling System Advanced Signal Interpreter Improved Transmission Jammer (fused) Graphene Brace Tech Extrapolator > --- WEAPON (3) ------- LU-1G1's Laser Shovel Companion Sword > --- INVENTORY (5) ---- Light Quantum Reactor Large Storage Unit Advanced Force Field Peak State ------------ > --- POWER ------------ Light Quantum Reactor Light Quantum Reactor > --- PROPULSION ------- Cooled Field Propulsion Drive Cooled Field Propulsion Drive Cooled Field Propulsion Drive Q-thruster Q-thruster Q-thruster Q-thruster Q-thruster > --- UTILITY ---------- Experimental Cooling System Gravity Neutralizer Advanced Signal Interpreter Quantum Capacitor Improved Transmission Jammer Experimental Reaction Control System Graphene Brace Relay Coupler [Sentry] Relay Coupler [Heavy] Tech Extrapolator > --- WEAPON ----------- Enhanced Nova Cannon Advanced Remote Datajack Companion Sword > --- INVENTORY -------- Micro Antimatter Reactor Large Storage Unit Advanced Force Field LU-1G1's Laser Shovel [Rating: 179] Favorites ----------- Power Hybrid Fission Core Engine Improved Deuterium Engine Power Core Hybrid Fission Core Reactor Micro Antimatter Reactor Propulsion Combat Airjet Treads Improved Heavy Treads Leg VSS Leg Wheel Armored Huge Wheel Hover Unit Combat Airjet Flight Unit Cooled Field Propulsion Drive Utility Improved Cooling System Device Improved Cooling System Storage Vampiric Humpback Processor Tech Extrapolator Hackware System Shield Protection Makeshift Weapon Shielding Weapon Mini Assault Cannon Energy Gun Heavy EM Pulse Gun Energy Cannon Heavy Phase Cannon Ballistic Gun Hypervelocity Coil Gun Ballistic Cannon Mini Assault Cannon Launcher Mini Grenade Launcher Special Weapon LU-1G1's Laser Shovel Impact Weapon Heavy Flail Slashing Weapon Companion Sword Piercing Weapon Makeshift Spear Special Melee Weapon Datajack Build | -11 -10 -10 -9 -9 -9 -8 -8 -8 -8 -8 -7 -7 -7 -7 -5 -5 -5 -5 -4 -3 -2 -2 -2 -2 -1 -1 -1 ------- Run | Yrd Mat Min Mat Min Exi Min Mat Gar Mat Gar Fac Sto Rec Scr Fac Gar Fac Gar Fac Res Res Gar Res Gar Acc Gar Acc Slots Evolved 18 | . . . 2 . . . 2 . . . 2 . . . 4 . . . 2 2 2 . . . 2 . . Power 1 | . . . . . . . . . . . . . . . 1 . . . . . . . . . . . . Propulsion 6 | . . . 1 . . . . . . . . . . . 1 . . . . 2 2 . . . . . . Utility 10 | . . . . . . . 2 . . . 2 . . . 2 . . . 2 . . . . . 2 . . Weapon 1 | . . . 1 . . . . . . . . . . . . . . . . . . . . . . . . Parts Attached 417 | 8 11 8 30 3 3 1 5 24 8 10 25 4 11 62 3 37 . 59 21 45 14 3 8 1 1 . 12 Power 45 | 1 1 2 2 . . . . 1 1 . 4 . 1 4 1 2 . 10 2 6 2 . . 1 . . 4 Engine 13 | 1 1 2 2 . . . . 1 . . 1 . 1 2 1 . . 1 . . . . . . . . . Core 18 | . . . . . . . . . 1 . 3 . . 2 . 2 . 8 1 1 . . . . . . . Reactor 14 | . . . . . . . . . . . . . . . . . . 1 1 5 2 . . 1 . . 4 Propulsion 64 | 2 3 . 8 . . . . 6 . 1 5 . 2 4 . 5 . 1 4 15 . 1 2 . . . 5 Treads 14 | 2 3 . 3 . . . . . . . . . . 2 . 4 . . . . . . . . . . . Leg 8 | . . . 5 . . . . 3 . . . . . . . . . . . . . . . . . . . Wheel 7 | . . . . . . . . . . . . . . 2 . 1 . 1 2 1 . . . . . . . Hover 16 | . . . . . . . . 3 . 1 5 . 2 . . . . . . 5 . . . . . . . Flight 19 | . . . . . . . . . . . . . . . . . . . 2 9 . 1 2 . . . 5 Utility 158 | 3 1 1 7 2 1 . 3 7 2 5 6 1 4 30 2 17 . 22 10 18 8 2 4 . 1 . 1 Device 59 | 2 . 1 5 1 . . 1 1 . . 1 . 1 12 . 6 . 6 2 10 7 1 2 . . . . Storage 10 | 1 1 . 1 . . . . . . . . . . 5 . . . . 1 . . . . . 1 . . Processor 9 | . . . . . . . . . . . . . . 4 1 . . 1 . 2 . . 1 . . . . Hackware 42 | . . . . . . . 1 4 . 4 3 . . . . 6 . 9 6 5 1 1 1 . . . 1 Protection 38 | . . . 1 1 1 . 1 2 2 1 2 1 3 9 1 5 . 6 1 1 . . . . . . . Artifact . | . . . . . . . . . . . . . . . . . . . . . . . . . . . . Weapon 150 | 2 6 5 13 1 2 1 2 10 5 4 10 3 4 24 . 13 . 26 5 6 4 . 2 . . . 2 Energy Gun 16 | 1 2 3 5 . . . . . 2 . 1 . . . . . . 1 1 . . . . . . . . Energy Cannon 18 | . . . . . . . . . . . . . . 5 . 2 . 3 . 2 4 . 1 . . . 1 Ballistic Gun 19 | 1 1 . 2 . 1 . 1 3 . . 3 . . . . 3 . 4 . . . . . . . . . Ballistic Cannon 15 | . 2 . . . . . . . . . . 2 1 10 . . . . . . . . . . . . . Launcher 15 | . . 1 4 1 . 1 . 1 . 1 2 . . 2 . 1 . 1 . . . . . . . . . Special Weapon 37 | . 1 . . . . . . . 1 2 2 1 1 5 . 5 . 10 4 3 . . 1 . . . 1 Impact Weapon 10 | . . . 1 . . . 1 4 2 1 1 . . . . . . . . . . . . . . . . Slashing Weapon 13 | . . . . . . . . . . . 1 . 2 1 . 2 . 6 . 1 . . . . . . . Piercing Weapon 2 | . . . . . . . . . . . . . . 1 . . . 1 . . . . . . . . . Special Melee Weapon 5 | . . 1 1 . 1 . . 2 . . . . . . . . . . . . . . . . . . . Unidentified Prototypes 11 | . . . 1 . . . . . . . . 1 . 4 . . . 2 . 1 1 . 1 . . . . Parts Lost 70 | . . 1 4 . . . . 4 . 1 5 . . 7 . 3 . 8 11 16 . . . . . . 10 Power 14 | . . . . . . . . . . . . . . 2 . 1 . 2 3 4 . . . . . . 2 Propulsion 15 | . . . . . . . . 3 . 1 . . . 1 . 1 . 1 2 3 . . . . . . 3 Utility 22 | . . . . . . . . 1 . . 1 . . 3 . 1 . 2 3 7 . . . . . . 4 Weapon 19 | . . 1 4 . . . . . . . 4 . . 1 . . . 3 3 2 . . . . . . 1 Highest Loss Streak 16 | . . 1 1 . . . . 2 . 1 2 . . 2 . 2 . 4 4 16 . . . . . . 5 To Critical Strikes 2 | . . . . . . . . . . . . . . . . . . . 2 . . . . . . . . Average Slot Usage (%) 85 | . 100 99 95 100 100 100 100 98 100 98 90 95 100 83 77 81 82 75 66 64 72 77 72 78 72 72 73 Engine 3 | . 14 14 11 11 11 11 9 9 6 . . . 5 2 5 1 . . . . . . . . . . . Core 4 | . . . . . . . . . 2 9 6 7 1 4 5 9 11 10 3 2 . . . . . . . Treads 2 | . 28 28 7 . . . . . . . . . . 1 . 7 11 6 . . . . . . . . . Leg 4 | . . . 24 33 33 33 27 24 . . . . . . . . . . . . . . . . . . . Wheel 3 | . . . . . . . . . . . . . . 6 11 3 . 1 2 1 . . . . . . . Hover 6 | . . . . . . . . 1 27 25 23 23 23 8 . . . . . 1 . . . . . . . Device 11 | . 14 14 7 3 . . 9 . . . . 7 9 14 11 14 17 8 6 12 21 28 26 26 24 24 21 Storage 7 | . 14 14 11 11 11 11 9 9 9 9 7 7 7 6 11 5 5 5 5 6 . . . . . . . Processor 5 | . . . . . . . . . . . . . . 9 10 5 5 6 8 2 4 4 4 8 8 8 8 Hackware 4 | . . . . . . . 9 17 18 17 21 20 12 . . 2 . 5 15 12 12 5 4 4 4 4 5 Protection 8 | . . . 3 7 11 11 9 8 9 9 12 9 15 9 1 9 11 8 5 1 . . . . . . . Energy Gun 2 | . 4 24 24 . . . . . 8 18 2 . . . . . . . 2 . . . . . . . . Ballistic Gun 4 | . 13 . . 22 24 27 18 16 9 . 3 . . . . 9 11 7 . . . . . . . . . Ballistic Cannon 5 | . 10 . . . . . . . . . . 10 17 10 . . . . . . . . . . . . . Special Weapon 1 | . . . . . . . . . 1 5 1 2 . 1 . 1 . 2 2 4 3 . 3 4 4 4 3 Slashing Weapon 2 | . . . . . . . . . . . 4 4 4 3 5 3 5 2 5 2 4 4 4 4 4 4 4 Peak Build Rating 179 | 7 11 12 25 25 28 28 36 43 49 49 54 59 61 73 85 113 113 114 121 141 157 168 168 166 167 165 179 Average Rating 62 | 6 7 11 21 24 26 28 34 33 45 47 49 55 58 58 80 103 113 105 98 112 148 165 157 165 165 165 145 On Entrance 78 | . 7 11 12 25 25 28 28 35 43 49 48 49 59 61 71 85 113 113 114 93 141 157 168 165 166 165 165 Naked Turns . | . . . . . . . . . . . . . . . . . . . . . . . . . . . . Heaviest Build 283 | 14 32 33 66 66 64 62 66 67 67 67 70 68 75 241 257 273 267 278 272 283 68 83 83 67 67 67 67 Greatest Support 162 | 40 40 40 66 36 36 36 36 36 33 33 36 36 36 52 44 162 162 162 50 82 82 92 83 92 83 83 91 Greatest Overweight (x) 25 | 1 . . 2 1 1 1 1 5 2 2 2 1 2 14 5 15 1 7 25 18 . . 1 . . . 1 Average Overweight (x) 2 | . . . . 1 1 1 1 1 1 1 1 1 1 2 5 2 1 4 9 3 . . . . . . . Largest Inventory Capacity 35 | 8 15 15 20 20 20 20 20 20 20 20 20 20 20 35 35 35 35 35 35 35 5 5 5 5 15 5 5 Average Capacity 22 | 7 12 15 18 20 20 20 20 20 20 20 20 20 20 20 35 35 35 35 35 30 5 5 5 5 5 5 5 Most Carried 35 | 3 15 15 20 20 20 20 20 20 20 20 20 20 20 35 35 35 35 35 35 35 5 5 5 5 5 5 5 Average Carried 18 | 1 8 14 17 19 19 19 19 19 19 19 19 19 19 13 34 34 35 33 32 23 4 4 4 5 4 5 4 Final Capacity 35 | 8 15 15 20 20 20 20 20 20 20 20 20 20 20 35 35 35 35 35 35 5 5 5 5 5 5 5 5 Final Carried 35 | 3 15 15 19 20 20 20 20 19 20 20 20 20 20 35 35 35 35 35 29 5 5 5 5 5 5 5 3 Class Distribution -------------------- 26% | Hauler-Mutant 10% | Mutant 8% | Scavenger-Tank 7% | Bothacker-Mutant 7% | Scavenger-Gunner 7% | Commander-Tank 4% | Botlord-Mutant 4% | Commander-Mutant 4% | Hauler-Tank 4% | Scavenger-Mutant Dominant Class ---------------- Mutant | -10/Materials Mutant | -10/Mines Mutant | -9/Materials Tank | -9/Mines Mutant | -9/Exiles Skirmisher | -8/Mines Mutant | -8/Materials Hacker-Mutant | -8/Garrison Bothacker-Mutant | -8/Materials Bothacker-Skirmisher | -8/Garrison Scavenger-Mutant | -7/Factory Commander-Mutant | -7/Storage Commander-Mutant | -7/Recycling Hauler-Mutant | -7/Scraptown Hauler-Mutant | -5/Factory Hauler-Mutant | -5/Garrison Hauler-Mutant | -5/Factory Hauler-Tank | -5/Garrison Botlord-Mutant | -4/Factory Bothacker-Mutant | -3/Research Scavenger-Mutant | -2/Research Sprinter | -2/Garrison Scavenger-Mutant | -2/Research Scavenger-Sprinter | -2/Garrison Scavenger-Sprinter | -1/Access Scavenger-Sprinter | -1/Garrison Sprinter | -1/Access Resources | -11 -10 -10 -9 -9 -9 -8 -8 -8 -8 -8 -7 -7 -7 -7 -5 -5 -5 -5 -4 -3 -2 -2 -2 -2 -1 -1 -1 ----------- Run | Yrd Mat Min Mat Min Exi Min Mat Gar Mat Gar Fac Sto Rec Scr Fac Gar Fac Gar Fac Res Res Gar Res Gar Acc Gar Acc Matter Collected 10381 | 386 302 164 313 128 20 85 138 441 59 246 338 57 302 4057 . 850 30 1184 317 461 209 . . 123 102 . 69 Remotely 816 | 127 . . . . . . . . . . . . . 689 . . . . . . . . . . . . . Salvage Created 10836 | 209 168 373 1139 150 . 149 247 350 20 300 667 17 738 1384 106 1517 137 1055 780 1056 93 . . 123 . . 58 Parts 565 | 20 16 25 87 5 . 13 11 31 . 25 39 2 31 74 . 48 9 51 30 34 3 . . 6 . . 5 Haulers Intercepted 4 | . . . 3 . . . . . . . . . . . 1 . . . . . . . . . . . . Recyclers Shooed 3 | . . . . . . . . . . . . . 2 . . . . . . 1 . . . . . . . Parts Field Recycled . | . . . . . . . . . . . . . . . . . . . . . . . . . . . . Retrieved Matter . | . . . . . . . . . . . . . . . . . . . . . . . . . . . . Parts Self-Destructed 17 | . . . . . . . . . . . . . . 17 . . . . . . . . . . . . . Prevented . | . . . . . . . . . . . . . . . . . . . . . . . . . . . . Kills | -11 -10 -10 -9 -9 -9 -8 -8 -8 -8 -8 -7 -7 -7 -7 -5 -5 -5 -5 -4 -3 -2 -2 -2 -2 -1 -1 -1 ------- Run | Yrd Mat Min Mat Min Exi Min Mat Gar Mat Gar Fac Sto Rec Scr Fac Gar Fac Gar Fac Res Res Gar Res Gar Acc Gar Acc Combat Hostiles Destroyed 198 | . 8 11 27 . . 9 5 16 . 13 14 . 4 35 . 15 2 18 10 10 1 . . . . . . Melee 16 | . . . . . . . . . . . 4 . 2 . . . . 2 6 1 1 . . . . . . Guns 72 | . 4 8 16 . . . 1 9 . 7 6 . . . . 7 2 11 1 . . . . . . . . Cannons 60 | . 4 . . . . . . . . . . . 2 35 . 3 . 5 2 9 . . . . . . . AOE 45 | . . 2 9 . . 9 4 6 . 6 4 . . . . 4 . . 1 . . . . . . . . Classes Destroyed 27 | 3 3 1 3 . . 1 . 1 . 2 1 . . 11 . . . 1 . . . . . . . . . Worker 13 | 2 . . 1 . . . 2 . 1 . 5 . . . . . . . 1 . . . . . . . 1 Builder 5 | . 1 . . . . . 1 . . . 1 . . . . . . . 1 1 . . . . . . . Tunneler 5 | 5 . . . . . . . . . . . . . . . . . . . . . . . . . . . Hauler 4 | . . . 3 . . . . . . . . . . . 1 . . . . . . . . . . . . Recycler 12 | 1 . . 1 2 . . 1 . . . . . 5 . . . . . . 2 . . . . . . . Operator 1 | . . . . . . . . . . . 1 . . . . . . . . . . . . . . . . Turret 1 | . . . . . . . . . . . . . . 1 . . . . . . . . . . . . . Watcher 9 | . 2 . 3 . . . 1 . . . . 1 . . . 1 . . . . . . . . . . 1 Swarmer 58 | . 8 5 14 . . 6 4 7 . 6 . . . . . 4 . 4 . . . . . . . . . Cutter 3 | . . . . . . . . . . 3 . . . . . . . . . . . . . . . . . Saboteur 1 | . . . . . . . . . . . . . . . . . . 1 . . . . . . . . . Grunt 53 | . . 6 3 . . 2 . 6 . 1 9 . . . . 9 2 6 5 4 . . . . . . . Brawler 7 | . . . . . . 1 . . . 2 . . . . . . . . 2 2 . . . . . . . Duelist 1 | . . . 1 . . . . . . . . . . . . . . . . . . . . . . . . Sentry 23 | . . . 9 . . . 1 1 . . 1 . 4 2 . 2 . 1 1 . 1 . . . . . . Specialist 4 | . . . . . . . . . . . . . . 3 . . . 1 . . . . . . . . . Hunter 5 | . . . . . . . . . . 1 1 . . . . . . 3 . . . . . . . . . Programmer 14 | . . . . . . . . 2 . . 3 . . . . . . 3 2 4 . . . . . . . Federalist 7 | . . . . . . . . . . . . . . 7 . . . . . . . . . . . . . Explorer 2 | . . . . . . . . . . . . . . 2 . . . . . . . . . . . . . Ranger 2 | . . . . . . . . . . . . . . 2 . . . . . . . . . . . . . Guru 1 | . . . . . . . . . . . . . . 1 . . . . . . . . . . . . . Scientist 9 | . . . . . . . . . . . . . . 9 . . . . . . . . . . . . . Scrapper 12 | . . . . . . . . . . . . . . 12 . . . . . . . . . . . . . Elite 5 | . . . . . . . . . . . . . . 5 . . . . . . . . . . . . . Zionite 2 | . . . . . . . . . . . . . . 2 . . . . . . . . . . . . . Tinkerer 2 | . . . . . . . . . . . . . . 2 . . . . . . . . . . . . . Savage 1 | . . . . . . . . . . . . . . 1 . . . . . . . . . . . . . Best Kill Streak 7 | 4 3 3 6 1 . 3 5 7 1 7 7 1 3 5 1 4 1 3 2 3 1 . . . . . 1 Combat Bots Only 7 | . 3 3 4 . . 3 4 7 . 7 4 . 1 5 . 4 1 3 2 2 1 . . . . . . Max Kills in Single Turn 7 | 1 1 2 2 1 . 3 4 4 1 3 7 1 1 2 1 4 1 1 1 1 1 . . . . . 1 Gunslinging . | . . . . . . . . . . . . . . . . . . . . . . . . . . . . Exploded 4 | . . 2 2 . . 3 3 4 . 3 4 . . . . 4 . . 1 . . . . . . . . Melee 1 | . . . . . . . . . . . 1 . 1 . . . . 1 1 1 1 . . . . . . Uniques/NPCs Destroyed . | . . . . . . . . . . . . . . . . . . . . . . . . . . . . Combat | -11 -10 -10 -9 -9 -9 -8 -8 -8 -8 -8 -7 -7 -7 -7 -5 -5 -5 -5 -4 -3 -2 -2 -2 -2 -1 -1 -1 -------- Run | Yrd Mat Min Mat Min Exi Min Mat Gar Mat Gar Fac Sto Rec Scr Fac Gar Fac Gar Fac Res Res Gar Res Gar Acc Gar Acc Hostile Shots Fired 1762 | . 58 37 105 . . 2 43 83 9 46 107 . 36 202 4 115 11 296 161 256 18 46 1 49 2 8 67 Missed 572 | . 12 10 44 . . . 8 27 4 12 32 . 12 59 3 36 5 91 42 64 13 30 1 28 1 4 34 Deflected 13 | . . . . . . . . . . . . . . . . . . . . 13 . . . . . . . Damage Taken 18852 | . 359 306 824 . . 14 384 820 31 497 1074 . 191 1563 21 1451 55 3284 2613 3302 89 315 . 425 28 77 1129 Core 2693 | . 55 49 57 . . 6 51 115 . 104 104 . 34 120 . 177 . 260 700 660 10 24 . 20 8 . 139 Absorbed by Shields 2161 | . . . . . . . . . . . . . . 79 . 377 58 868 142 504 10 57 . 40 . 26 . Reduced by Siege Mode 282 | . . . . . . . . . . . . . . 241 . 12 . 29 . . . . . . . . . Redirected to Shielding 271 | . . . . . . . . . . . 14 . 3 101 . 10 1 50 55 37 . . . . . . . Regen/Repaired (Parts) 288 | . 132 . 120 . . . . . . . . . . 8 . . . . . . . . 28 . . . . Core Remaining (%) 58 | 100 . 58 . . . 84 . . . 50 . . . 63 . . . 19 6 17 . . . 96 . . 90 Volleys Fired 802 | 28 41 25 63 3 . 6 8 24 6 44 33 3 14 162 12 70 3 93 43 98 11 . 6 . . 1 5 Largest 3 | 2 2 2 3 2 . 1 3 3 2 2 3 2 2 3 2 3 2 3 2 1 1 . 1 . . 1 1 Hottest 184 | 70 100 90 135 46 . 30 69 69 110 110 111 96 96 144 165 165 70 105 184 90 113 . 120 . . 10 10 Shots Fired 1259 | 56 71 43 120 6 . 6 16 44 8 73 56 4 21 291 24 120 6 129 46 96 11 . 6 . . 1 5 Gun 567 | 56 36 42 112 6 . . 12 39 4 59 50 . . . . 64 6 73 8 . . . . . . . . Cannon 515 | . 24 . . . . . . . . . . 2 14 276 24 38 . 25 22 82 6 . 2 . . . . Launcher 42 | . . 1 8 . . 6 4 5 . 3 1 . . 12 . 2 . . . . . . . . . . . Special 135 | . 11 . . . . . . . 4 11 5 2 7 3 . 16 . 31 16 14 5 . 4 . . 1 5 Kinetic 609 | 28 54 . 4 6 . . 12 39 . . 31 2 14 276 . 64 6 73 . . . . . . . . . Thermal 246 | 28 17 . . . . . . . . . . . . . 24 38 . 25 24 82 6 . 2 . . . . Explosive 30 | . . 1 8 . . 6 4 5 . 3 1 . . . . 2 . . . . . . . . . . . Electromagnetic 250 | . . 42 108 . . . . . 4 59 19 . . 12 . . . . 6 . . . . . . . . Robot Hit Streak 31 | 5 4 6 15 9 . 3 5 8 7 16 9 5 14 17 8 16 4 31 13 15 4 . 9 . . 1 1 Robot Miss Streak 6 | 3 6 2 3 1 . . 3 3 1 2 2 . 1 4 1 3 1 4 3 3 2 . 1 . . . 2 Penetration Max 1 | . . . . . . . . . . . 1 . . 1 . 1 . 1 . . . . . . . . . Secondary Targets 2 | . . 2 . . . . . . . . . . . . . . . . . . . . . . . . . Max Gunslinging Chain 1 | . . 1 . . . . . . . . . . . . . . . . . . . . . . . . . Capacitor 64 | . . . . . . . . . . . . . . . . . . 25 . 33 6 . . . . . . Shots Hit Robots 932 | 34 31 38 89 5 4 1 12 39 8 45 53 3 35 171 10 101 4 93 61 70 9 . 5 6 . 1 4 Core Hits 430 | 14 16 20 58 4 . 10 10 23 2 22 43 1 8 63 2 40 4 36 23 25 2 . . 2 . . 2 Critical Kills 21 | . 1 . . . . . . 1 . . . . . . . 8 2 9 . . . . . . . . . Critical Parts Destroyed 17 | . . . . . . . 1 1 1 . 1 . . . . 5 . 8 . . . . . . . . . Critical Strikes 59 | 1 4 . 3 . . . 1 2 1 . 1 . 2 11 . 14 2 17 . . . . . . . . . Burn 1 | 1 . . . . . . . . . . . . . . . . . . . . . . . . . . . Destroy 36 | . 1 . . . . . . 2 . . . . . . . 14 2 17 . . . . . . . . . Blast 16 | . 3 . . . . . . . . . . . 2 11 . . . . . . . . . . . . . Corrupt 3 | . . . 3 . . . . . . . . . . . . . . . . . . . . . . . . Smash 3 | . . . . . . . 1 . 1 . 1 . . . . . . . . . . . . . . . . Melee Attacks 277 | . . . 3 . 4 . 12 33 2 13 29 . 26 2 . 47 . 19 39 1 13 2 2 7 4 . 19 Impact 58 | . . . 1 . . . 12 28 2 13 2 . . . . . . . . . . . . . . . . Slashing 206 | . . . . . . . . . . . 27 . 26 . . 47 . 19 39 1 13 2 2 7 4 . 19 Piercing 2 | . . . . . . . . . . . . . . 2 . . . . . . . . . . . . . Sneak Attacks 32 | . . . 2 . 4 . 2 1 1 . 2 . 9 . . . . 4 2 . 4 . . . . . 1 Combat Hostiles 13 | . . . 2 . . . . 1 . . 1 . 2 . . . . 3 . . 4 . . . . . . Follow-up Attacks 2 | . . . . . . . . . . . . . . . . 2 . . . . . . . . . . . Damage Inflicted 29045 | 368 391 718 2016 88 . 492 823 1447 184 892 1921 30 1517 7707 281 3550 45 1295 1882 2352 372 . 41 493 . . 140 Guns 4931 | 366 185 500 1183 88 . . 112 484 43 389 777 . . . . 262 45 332 165 . . . . . . . . Cannons 12581 | . 158 . . . . . . . . . . 30 270 7703 281 663 . 575 520 2307 33 . 41 . . . . Explosions 4224 | . . 218 832 . . 485 390 815 . 503 608 . . 4 . 247 . . 122 . . . . . . . . Melee 7251 | . . . . . . . 321 148 141 . 536 . 1247 . . 2378 . 388 1075 45 339 . . 493 . . 140 Ramming 10 | 2 . . 1 . . 7 . . . . . . . . . . . . . . . . . . . . . Kinetic 10426 | 152 317 . 50 88 . . 112 484 . . 581 30 270 7703 . 262 45 332 . . . . . . . . . Thermal 5636 | 214 74 122 92 . . 122 . . . 76 459 . . . 281 663 . 575 577 2307 33 . 41 . . . . Explosive 3227 | . . 96 740 . . 363 390 815 . 427 149 . . . . 247 . . . . . . . . . . . Electromagnetic 2495 | . . 500 1133 . . . . . 43 389 196 . . 4 . . . . 230 . . . . . . . . Impact 671 | . . . . . . . 321 148 141 . 61 . . . . . . . . . . . . . . . . Slashing 6580 | . . . . . . . . . . . 475 . 1247 . . 2378 . 388 1075 45 339 . . 493 . . 140 Piercing . | . . . . . . . . . . . . . . . . . . . . . . . . . . . . Highest Corruption 16 | . . . . . . . . 1 1 1 . . . . . 1 1 8 16 10 . . . 2 . . 9 Average Corruption 2 | . . . . . . . . 1 1 1 . . . . . 1 1 1 6 6 . . . 1 . . 9 Corruption Purged . | . . . . . . . . . . . . . . . . . . . . . . . . . . . . Corruption Blocked . | . . . . . . . . . . . . . . . . . . . . . . . . . . . . Effects 112 | . . . . . . . . 1 2 8 . . . . . 12 1 29 35 23 . . . 1 . . . Message Errors 27 | . . . . . . . . . 1 2 . . . . . 4 . 7 7 6 . . . . . . . Matter Fused 26 | . . . . . . . . 1 1 . . . . . . 3 . 7 10 4 . . . . . . . Heat Flow Errors 11 | . . . . . . . . . . . . . . . . . . 3 5 3 . . . . . . . Energy Discharges 15 | . . . . . . . . . . 1 . . . . . 2 1 3 4 4 . . . . . . . Parts Rejected 1 | . . . . . . . . . . . . . . . . . . 1 . . . . . . . . . Parts Fused 3 | . . . . . . . . . . . . . . . . . . 2 . . . . . 1 . . . Data Loss (minor) 16 | . . . . . . . . . . 3 . . . . . 1 . 3 6 3 . . . . . . . Data Loss (major) 5 | . . . . . . . . . . . . . . . . 2 . 1 2 . . . . . . . . Misfires 4 | . . . . . . . . . . 2 . . . . . . . 1 1 . . . . . . . . Alerts 2 | . . . . . . . . . . . . . . . . . . 1 . 1 . . . . . . . Weapon Failures 2 | . . . . . . . . . . . . . . . . . . . . 2 . . . . . . . Overload Shots . | . . . . . . . . . . . . . . . . . . . . . . . . . . . . Overflow Damage 1999 | . . . 39 . . . 135 135 141 42 134 . 307 732 24 89 . 33 50 83 . . 21 34 . . . Projectiles 887 | . . . . . . . . . . . . . . 732 24 . . 27 . 83 . . 21 . . . . Explosions 229 | . . . 39 . . . 45 37 . 42 63 . . . . . . . 3 . . . . . . . . Melee 883 | . . . . . . . 90 98 141 . 71 . 307 . . 89 . 6 47 . . . . 34 . . . Knockbacks 19 | . 1 . . . . . 2 1 . . . . . 15 . . . . . . . . . . . . . Impact 3 | . . . . . . . 2 1 . . . . . . . . . . . . . . . . . . . Kinetic 16 | . 1 . . . . . . . . . . . . 15 . . . . . . . . . . . . . Secondary . | . . . . . . . . . . . . . . . . . . . . . . . . . . . . Self-Inflicted Damage 368 | . . 15 47 . . . . 65 . 90 . . . . . . . . 151 . . . . . . . . Shots 12 | . . 1 2 . . . . 3 . 3 . . . . . . . . 3 . . . . . . . . Rammed 1 | 1 . . . . . . . . . . . . . . . . . . . . . . . . . . . Targets Rammed 3 | 1 . . 1 . . 1 . . . . . . . . . . . . . . . . . . . . . Kicked 2 | . . . 1 . . 1 . . . . . . . . . . . . . . . . . . . . . Crushed . | . . . . . . . . . . . . . . . . . . . . . . . . . . . . Highest Temperature 589 | 210 220 9 216 28 . . . 109 108 405 228 . . 36 75 246 . 360 282 589 275 26 148 62 . . 234 Average Temperature 94 | 74 56 6 75 13 . . . 41 53 117 69 . . 11 34 92 . 148 110 163 112 14 78 33 . . 110 Received Heat Transfer 3342 | . . 129 240 . . . 90 279 . 72 339 . 48 367 . 364 24 380 432 435 18 13 . 18 . 4 90 Effects 12 | . . . . . . . . . . 1 . . . . . . . 2 . 9 . . . . . . . Shutdowns 3 | . . . . . . . . . . . . . . . . . . . . 3 . . . . . . . Energy Bleed 3 | . . . . . . . . . . 1 . . . . . . . 1 . 1 . . . . . . . Interference 2 | . . . . . . . . . . . . . . . . . . . . 2 . . . . . . . Matter Decay 2 | . . . . . . . . . . . . . . . . . . . . 2 . . . . . . . Damage (minor) 1 | . . . . . . . . . . . . . . . . . . 1 . . . . . . . . . Damage (core) 1 | . . . . . . . . . . . . . . . . . . . . 1 . . . . . . . Siege Activations 19 | . . . . . . . . . . . . . . 12 . 2 . 5 . . . . . . . . . Total Turns 1706 | . . . . . . . . . . . . . . 1571 . 58 . 77 . . . . . . . . . Longest Duration 675 | . . . . . . . . . . . . . . 675 . 44 . 30 . . . . . . . . . Robots Corrupted 5 | . . 1 2 . . . 1 1 . . . . . . . . . . . . . . . . . . . Combat Hostiles 4 | . . 1 2 . . . . 1 . . . . . . . . . . . . . . . . . . . Parts Fried 23 | . . . 7 . . . 3 . . 1 5 . . . . . . . . 7 . . . . . . . Impact Corruptions 11 | . . . . . . . 4 2 4 . 1 . . . . . . . . . . . . . . . . Robots Melted 1 | . . . . . . . . . . . . . . . . 1 . . . . . . . . . . . Combat Hostiles 1 | . . . . . . . . . . . . . . . . 1 . . . . . . . . . . . Parts Melted 23 | . . . . . . . . . . 1 1 . . . . 3 . 1 5 12 . . . . . . . Heat Transferred 6753 | 703 174 200 200 . . 150 . . . 100 350 . . . 435 945 . 518 629 2275 37 . 37 . . . . Parts Sabotaged 8 | . . . . . . . . . . . . . . . . . . 8 . . . . . . . . . Parts Stolen . | . . . . . . . . . . . . . . . . . . . . . . . . . . . . Parts Stripped . | . . . . . . . . . . . . . . . . . . . . . . . . . . . . Power Chain Reactions 11 | . . 2 2 . . . . . . 2 . . . 4 . . . . 1 . . . . . . . . Alert | -11 -10 -10 -9 -9 -9 -8 -8 -8 -8 -8 -7 -7 -7 -7 -5 -5 -5 -5 -4 -3 -2 -2 -2 -2 -1 -1 -1 ------- Run | Yrd Mat Min Mat Min Exi Min Mat Gar Mat Gar Fac Sto Rec Scr Fac Gar Fac Gar Fac Res Res Gar Res Gar Acc Gar Acc Peak Influence 2353 | 40 209 169 210 78 . 218 285 969 513 444 418 162 168 . 15 1696 1033 2353 1355 450 828 723 420 138 106 108 464 Initial 1234 | . 26 . 42 78 . . 84 28 471 97 233 119 63 . . 10 890 723 1234 408 60 443 406 58 82 84 64 Average 451 | 20 50 76 89 49 . 48 59 445 439 340 224 138 38 . 3 666 956 1326 1095 291 582 520 127 81 94 88 176 Maximum Alert Level 5 | . 1 . 1 . . 1 1 3 2 2 2 . . . . 5 3 5 4 2 3 3 2 . . . 2 Low Security (%) 47 | 100 98 100 98 100 . 97 91 23 6 9 24 100 100 . 100 20 . . . 24 13 . 81 100 100 100 60 Level 1 14 | . 1 . 1 . . 2 8 22 23 40 74 . . . . 18 . . . 47 1 . . . . . 33 Level 2 11 | . . . . . . . . 33 70 49 . . . . . 20 . . . 28 51 93 17 . . . 5 Level 3 14 | . . . . . . . . 19 . . . . . . . 18 100 48 45 . 32 6 . . . . . Level 4 8 | . . . . . . . . . . . . . . . . 19 . 24 54 . . . . . . . . Level 5 3 | . . . . . . . . . . . . . . . . 1 . 26 . . . . . . . . . High Security . | . . . . . . . . . . . . . . . . . . . . . . . . . . . . Max Security . | . . . . . . . . . . . . . . . . . . . . . . . . . . . . Squads Dispatched 22 | . . . 1 . . . . . . . 4 . . 1 . . 1 . 5 5 3 . 1 . . . 1 Investigation 3 | . . . . . . . . . . . 1 . . . . . . . 1 1 . . . . . . . Extermination 10 | . . . . . . . . . . . 2 . . . . . . . 3 3 1 . . . . . 1 Reinforcement 7 | . . . 1 . . . . . . . 1 . . 1 . . 1 . . . 2 . 1 . . . . Assault 2 | . . . . . . . . . . . . . . . . . . . 1 1 . . . . . . . Garrison . | . . . . . . . . . . . . . . . . . . . . . . . . . . . . Intercept . | . . . . . . . . . . . . . . . . . . . . . . . . . . . . Searches Triggered 1 | . . . . . . . . . . . . . . . . . . . . . 1 . . . . . . Construction Impeded 2 | . . . 1 . . . . . . . . . . 1 . . . . . . . . . . . . . Haulers Reinforced 1 | . . . . . . . . . . . . . . . . . 1 . . . . . . . . . . Active Scanning Responses . | . . . . . . . . . . . . . . . . . . . . . . . . . . . . Cargo Convoy Interrupts . | . . . . . . . . . . . . . . . . . . . . . . . . . . . . Alert ID Control Effect 15 | . . . . . . . . . . 3 . 1 . . . 3 . 4 . . . . . . . . 4 Stealth | -11 -10 -10 -9 -9 -9 -8 -8 -8 -8 -8 -7 -7 -7 -7 -5 -5 -5 -5 -4 -3 -2 -2 -2 -2 -1 -1 -1 --------- Run | Yrd Mat Min Mat Min Exi Min Mat Gar Mat Gar Fac Sto Rec Scr Fac Gar Fac Gar Fac Res Res Gar Res Gar Acc Gar Acc Distress Signals 15 | . 1 . 3 . . . 1 . 3 . . 1 . 3 . . 1 . . . . . . . . . 2 Communications Jammed 88 | . . . . . . . . . . . . . . . . . . . 8 52 14 . 1 . . . 13 Distress Signals 88 | . . . . . . . . . . . . . . . . . . . 8 52 14 . 1 . . . 13 Times Spotted 496 | . 13 13 47 1 . 3 9 22 4 28 24 3 2 63 2 40 5 58 23 35 20 24 3 14 2 3 35 Peak Tracking Total 15 | . 3 3 6 1 . 3 6 9 3 6 5 2 1 7 2 6 3 15 5 6 5 15 2 14 4 6 8 Tactical Retreats 36 | . 2 . . 1 . . . 1 . 1 1 . . 2 . . . 6 1 4 6 2 1 . . . 8 ID Masks Used 1 | . . . . . . . . . . . . . . . . . . . . 1 . . . . . . . IFF Responses 87 | . . . . . . . . . . . . . . . . . . . . 87 . . . . . . . Traps | -11 -10 -10 -9 -9 -9 -8 -8 -8 -8 -8 -7 -7 -7 -7 -5 -5 -5 -5 -4 -3 -2 -2 -2 -2 -1 -1 -1 ------- Run | Yrd Mat Min Mat Min Exi Min Mat Gar Mat Gar Fac Sto Rec Scr Fac Gar Fac Gar Fac Res Res Gar Res Gar Acc Gar Acc Traps Triggered 33 | . . . . . . . . 5 . 4 2 . . . . 4 . 11 3 . . . . 3 . 1 . Indirectly . | . . . . . . . . . . . . . . . . . . . . . . . . . . . . Trap Hack Attempts . | . . . . . . . . . . . . . . . . . . . . . . . . . . . . Triggered . | . . . . . . . . . . . . . . . . . . . . . . . . . . . . Disarmed 3 | . . . 3 . . . . . . . . . . . . . . . . . . . . . . . . Reprogrammed . | . . . . . . . . . . . . . . . . . . . . . . . . . . . . Reused 4 | . . . . . . . . . . . . . . 1 . 3 . . . . . . . . . . . Traps Extracted 2 | . . . . 1 . . . . . . . . . 1 . . . . . . . . . . . . . Installed 10 | . . . . 4 . . . . . . . . . 2 . 4 . . . . . . . . . . . Triggered 4 | . . . . . . . . . . . 1 . . . . 3 . . . . . . . . . . . Most Traps Carried 4 | . . 3 3 3 . . . 4 4 4 4 4 4 4 4 4 . . . . . . . . . . . Machines | -11 -10 -10 -9 -9 -9 -8 -8 -8 -8 -8 -7 -7 -7 -7 -5 -5 -5 -5 -4 -3 -2 -2 -2 -2 -1 -1 -1 ---------- Run | Yrd Mat Min Mat Min Exi Min Mat Gar Mat Gar Fac Sto Rec Scr Fac Gar Fac Gar Fac Res Res Gar Res Gar Acc Gar Acc Machines Disabled 78 | . . . 4 . . 3 2 6 . 2 7 . 1 35 . 5 . 5 2 2 . 2 . . 1 . 1 Max in Single Turn 7 | . . . 1 . . 2 2 1 . 1 7 . 1 2 . 1 . 1 2 1 . 1 . . 1 . 1 Garrison Relay 15 | . . . . . . . . 2 . 2 . . . . . 4 . 5 . . . 2 . . . . . Machines Repaired . | . . . . . . . . . . . . . . . . . . . . . . . . . . . . Machines Dismantled . | . . . . . . . . . . . . . . . . . . . . . . . . . . . . Machines Sabotaged . | . . . . . . . . . . . . . . . . . . . . . . . . . . . . Overloaded Fab Kills . | . . . . . . . . . . . . . . . . . . . . . . . . . . . . Hacking | -11 -10 -10 -9 -9 -9 -8 -8 -8 -8 -8 -7 -7 -7 -7 -5 -5 -5 -5 -4 -3 -2 -2 -2 -2 -1 -1 -1 --------- Run | Yrd Mat Min Mat Min Exi Min Mat Gar Mat Gar Fac Sto Rec Scr Fac Gar Fac Gar Fac Res Res Gar Res Gar Acc Gar Acc Machines Accessed 79 | . 10 . 12 1 1 . 8 2 3 1 4 1 7 1 1 4 1 1 3 3 8 . 5 . 2 . . Terminals 54 | . 8 . 11 1 . . 6 2 2 1 2 1 4 . . 4 . 1 1 1 6 . 2 . 1 . . Fabricators 6 | . . . . . . . . . . . 2 . . . . . . . 2 1 1 . . . . . . Repair Stations 3 | . 1 . 1 . . . . . . . . . . . . . . . . . . . 1 . . . . Recycling Units 5 | . 1 . . . . . . . . . . . 3 . . . . . . 1 . . . . . . . Scanalyzers 2 | . . . . . . . 1 . . . . . . . . . . . . . . . 1 . . . . Garrison Access 7 | . . . . . . . 1 . 1 . . . . . 1 . 1 . . . 1 . 1 . 1 . . Total Hacks 226 | . 38 . 40 6 1 . 32 3 12 2 10 1 23 2 1 7 1 2 11 5 16 . 10 . 3 . . Successful 127 | . 25 . 26 3 1 . 23 2 4 1 4 1 10 2 1 3 1 1 5 . 7 . 6 . 1 . . Failed 99 | . 13 . 14 3 . . 9 1 8 1 6 . 13 . . 4 . 1 6 5 9 . 4 . 2 . . Catastrophic 23 | . 1 . 4 1 . . . . 2 . . . 4 . . 1 . . 1 4 3 . 1 . 1 . . Database Lockouts . | . . . . . . . . . . . . . . . . . . . . . . . . . . . . Manual 135 | . 22 . 29 5 1 . 25 . 11 . 4 2 16 . . . . . 8 2 6 . 2 . 2 . . Terminals 168 | . 32 . 36 6 . . 28 3 11 2 6 1 10 . . 7 . 2 6 2 12 . 2 . 2 . . Fabricators 13 | . . . . . . . . . . . 4 . . . . . . . 5 1 3 . . . . . . Repair Stations 10 | . 4 . 4 . . . . . . . . . . . . . . . . . . . 2 . . . . Recycling Units 17 | . 2 . . . . . . . . . . . 13 . . . . . . 2 . . . . . . . Scanalyzers 7 | . . . . . . . 2 . . . . . . . . . . . . . . . 5 . . . . Garrison Access 8 | . . . . . . . 2 . 1 . . . . . 1 . 1 . . . 1 . 1 . 1 . . Terminal Hacks 45 | . 11 . 10 2 1 . 8 2 1 1 . 1 . 2 . 3 . 1 . . 2 . . . . . . Record 1 | . . . . . . . . . . . . . . 1 . . . . . . . . . . . . . Robot Analysis 4 | . 2 . . . . . 2 . . . . . . . . . . . . . . . . . . . . Prototype ID Bank 2 | . 1 . 1 . . . . . . . . . . . . . . . . . . . . . . . . Open Door 2 | . . . . . . . . . . . . 1 . 1 . . . . . . . . . . . . . Level Access Points 1 | . . . . . . . 1 . . . . . . . . . . . . . . . . . . . . Branch Access Points 1 | . . . . 1 . . . . . . . . . . . . . . . . . . . . . . . Emergency Access Points 3 | . . . . . . . . 1 . . . . . . . 1 . 1 . . . . . . . . . Terminal Index 2 | . . . 1 . . . 1 . . . . . . . . . . . . . . . . . . . . Scanalyzer Index 1 | . . . . . . . 1 . . . . . . . . . . . . . . . . . . . . Unreport Threat 9 | . 2 . 3 . . . 2 . 1 . . . . . . . . . . . 1 . . . . . . Locate Traps 5 | . 3 . 2 . . . . . . . . . . . . . . . . . . . . . . . . Disarm Traps 1 | . . . 1 . . . . . . . . . . . . . . . . . . . . . . . . Patrol Status 1 | . 1 . . . . . . . . . . . . . . . . . . . . . . . . . . Recall Reinforcements 1 | . . . 1 . . . . . . . . . . . . . . . . . . . . . . . . Hauler Manifests 1 | . . . 1 . . . . . . . . . . . . . . . . . . . . . . . . Registered Components 1 | . 1 . . . . . . . . . . . . . . . . . . . . . . . . . . Zone Layout 4 | . 1 . . 1 . . 1 . . . . . . . . . . . . . 1 . . . . . . Patrol Navigation 1 | . . . . . . . . . . . . . . . . 1 . . . . . . . . . . . Security Stations 3 | . . . . . . . . 1 . 1 . . . . . 1 . . . . . . . . . . . Derelict Proto ID Bank 1 | . . . . . 1 . . . . . . . . . . . . . . . . . . . . . . Fabricator Hacks 7 | . . . . . . . . . . . 2 . . . . . . . 3 . 2 . . . . . . Network Status 2 | . . . . . . . . . . . . . . . . . . . 1 . 1 . . . . . . Load Schematic 3 | . . . . . . . . . . . 1 . . . . . . . 1 . 1 . . . . . . Build 2 | . . . . . . . . . . . 1 . . . . . . . 1 . . . . . . . . Repair Station Hacks 10 | . 4 . 4 . . . . . . . . . . . . . . . . . . . 2 . . . . Scan Component 5 | . 2 . 2 . . . . . . . . . . . . . . . . . . . 1 . . . . Repair 5 | . 2 . 2 . . . . . . . . . . . . . . . . . . . 1 . . . . Recycling Unit Hacks 3 | . 1 . . . . . . . . . . . 2 . . . . . . . . . . . . . . Retrieve Components 3 | . 1 . . . . . . . . . . . 2 . . . . . . . . . . . . . . Scanalyzer 5 | . . . . . . . 2 . . . . . . . . . . . . . . . 3 . . . . Insert Component 3 | . . . . . . . 1 . . . . . . . . . . . . . . . 2 . . . . Analyze 2 | . . . . . . . 1 . . . . . . . . . . . . . . . 1 . . . . Garrison Access Hacks 7 | . . . . . . . 1 . 1 . . . . . 1 . 1 . . . 1 . 1 . 1 . . Unlock Access 7 | . . . . . . . 1 . 1 . . . . . 1 . 1 . . . 1 . 1 . 1 . . Unauthorized Hacks 50 | . 9 . 12 1 . . 12 . 2 . 2 . 8 . . . . . 2 . 2 . . . . . . Terminals 44 | . 9 . 12 1 . . 12 . 2 . 1 . 5 . . . . . . . 2 . . . . . . Track 1 | . . . . 1 . . . . . . . . . . . . . . . . . . . . . . . Assimilate 2 | . . . 2 . . . . . . . . . . . . . . . . . . . . . . . . Botnet 15 | . 3 . 3 . . . 4 . 1 . . . 2 . . . . . . . 2 . . . . . . Disrupt 5 | . . . 1 . . . 1 . 1 . 1 . 1 . . . . . . . . . . . . . . Operators 3 | . 1 . 1 . . . 1 . . . . . . . . . . . . . . . . . . . . Skim 18 | . 5 . 5 . . . 6 . . . . . 2 . . . . . . . . . . . . . . Fabricators 3 | . . . . . . . . . . . 1 . . . . . . . 2 . . . . . . . . Prioritize 1 | . . . . . . . . . . . . . . . . . . . 1 . . . . . . . . Recompile 2 | . . . . . . . . . . . 1 . . . . . . . 1 . . . . . . . . Repair Stations . | . . . . . . . . . . . . . . . . . . . . . . . . . . . . Recycling Units 3 | . . . . . . . . . . . . . 3 . . . . . . . . . . . . . . Monitor 1 | . . . . . . . . . . . . . 1 . . . . . . . . . . . . . . Mask 2 | . . . . . . . . . . . . . 2 . . . . . . . . . . . . . . Scanalyzers . | . . . . . . . . . . . . . . . . . . . . . . . . . . . . Garrison Access . | . . . . . . . . . . . . . . . . . . . . . . . . . . . . Data Cores Recovered 2 | . . . 1 . . . . . . . 1 . . . . . . . . . . . . . . . . Used . | . . . . . . . . . . . . . . . . . . . . . . . . . . . . Hacking Detections 61 | . 9 . 10 1 . . 6 2 2 1 2 . 6 . . 3 1 1 2 3 6 . 4 . 2 . . Full Trace Events 1 | . . . . . . . . . . . . . . . . . . . . 1 . . . . . . . Feedback Events . | . . . . . . . . . . . . . . . . . . . . . . . . . . . . Feedback Blocked . | . . . . . . . . . . . . . . . . . . . . . . . . . . . . Robot Schematics Acquired . | . . . . . . . . . . . . . . . . . . . . . . . . . . . . Robots Built . | . . . . . . . . . . . . . . . . . . . . . . . . . . . . Authchips . | . . . . . . . . . . . . . . . . . . . . . . . . . . . . Time . | . . . . . . . . . . . . . . . . . . . . . . . . . . . . Total Robot Build Rating . | . . . . . . . . . . . . . . . . . . . . . . . . . . . . Part Schematics Acquired 41 | . . . . . . . 1 . . . . . . 11 2 8 1 1 2 3 5 . 3 . 1 1 2 Parts Built 3 | . . . . . . . . . . . 2 . . . . . . . 1 . . . . . . . . Authchips 2 | . . . . . . . . . . . 1 . . . . . . . 1 . . . . . . . . Time 140 | . . . . . . . . . . . 47 . . . . . . . 93 . . . . . . . . Total Part Build Rating 17 | . . . . . . . . . . . 10 . . . . . . . 7 . . . . . . . . Parts Repaired 5 | . 2 . 2 . . . . . . . . . . . . . . . . . . . 1 . . . . Time 252 | . 52 . 76 . . . . . . . . . . . . . . . . . . . 124 . . . . Parts Recycled . | . . . . . . . . . . . . . . . . . . . . . . . . . . . . Recycled Matter . | . . . . . . . . . . . . . . . . . . . . . . . . . . . . Retrieved Matter . | . . . . . . . . . . . . . . . . . . . . . . . . . . . . Retrieved Components 11 | . 1 . . . . . . . . . . . 10 . . . . . . . . . . . . . . Parts Scanalyzed 2 | . . . . . . . 1 . . . . . . . . . . . . . . . 1 . . . . Part Schematics Acquired 1 | . . . . . . . 1 . . . . . . . . . . . . . . . . . . . . Parts Damaged 1 | . . . . . . . . . . . . . . . . . . . . . . . 1 . . . . Bothacking | -11 -10 -10 -9 -9 -9 -8 -8 -8 -8 -8 -7 -7 -7 -7 -5 -5 -5 -5 -4 -3 -2 -2 -2 -2 -1 -1 -1 ------------ Run | Yrd Mat Min Mat Min Exi Min Mat Gar Mat Gar Fac Sto Rec Scr Fac Gar Fac Gar Fac Res Res Gar Res Gar Acc Gar Acc Used RIF Installer 5 | . . . . . . . . 1 . 1 . . . . . 1 . 1 . . . 1 . . . . . Threat Obfuscator 1 | . . . . . . . . . . . . . . . . . . . . . . 1 . . . . . Patrol Navigation 1 | . . . . . . . . . . . . . . . . 1 . . . . . . . . . . . Alert ID Control 1 | . . . . . . . . . . 1 . . . . . . . . . . . . . . . . . Structural Interface 1 | . . . . . . . . . . . . . . . . . . 1 . . . . . . . . . Robots Hacked 67 | . . . . . 4 . . 4 . 10 2 2 . 1 . 10 . 15 7 5 3 . 1 . . 1 2 Non-combat 13 | . . . . . 3 . . . . . 1 . . . . . . . 7 1 . . 1 . . . . Combat 54 | . . . . . 1 . . 4 . 10 1 2 . 1 . 10 . 15 . 4 3 . . . . 1 2 Robot Hacks Applied 79 | . . . . . 4 . . 4 . 10 3 2 . 1 . 11 . 18 10 6 3 . 4 . . 1 2 parse_system 6 | . . . . . 4 . . . . . . . . 1 . 1 . . . . . . . . . . . no_distress 1 | . . . . . . . . . . . . . . . . . . . 1 . . . . . . . . purge_threat 7 | . . . . . . . . . . . 2 . . . . . . . 2 . . . 3 . . . . reprogram_traps 1 | . . . . . . . . . . . . . . . . . . . . . . . 1 . . . . link_fov 1 | . . . . . . . . . . . . . . . . . . . 1 . . . . . . . . scatter_targeting 1 | . . . . . . . . . . . . . . . . . . 1 . . . . . . . . . spike_heat 2 | . . . . . . . . . . 1 . . . . . . . . . 1 . . . . . . . amplify_resonance 1 | . . . . . . . . . . . . . . . . . . . 1 . . . . . . . . reboot_system 4 | . . . . . . . . 1 . . 1 1 . . . . . . . . 1 . . . . . . go_dormant 1 | . . . . . . . . . . . . . . . . . . 1 . . . . . . . . . overwrite_iff 22 | . . . . . . . . . . 4 . . . . . 7 . 8 . 1 1 . . . . . 1 streamctrl_low 1 | . . . . . . . . . . . . . . . . . . . 1 . . . . . . . . streamctrl_high 1 | . . . . . . . . . . . . . . . . . . 1 . . . . . . . . . formatsys_low 4 | . . . . . . . . . . . . . . . . . . . 4 . . . . . . . . formatsys_high 26 | . . . . . . . . 3 . 5 . 1 . . . 3 . 7 . 4 1 . . . . 1 1 Relay Couplers Released 58 | . . . . . . . . 7 . 7 . . . . . 16 . 20 . . . 8 . . . . . Machine Destruction 58 | . . . . . . . . 7 . 7 . . . . . 16 . 20 . . . 8 . . . . . Attached 33 | . . . . . . . . 3 . 4 2 . . . . 5 . 9 2 5 . 1 1 . . . 1 Fabnet Peak Effective % . | . . . . . . . . . . . . . . . . . . . . . . . . . . . . Robots Rewired 12 | . . . 1 . . . . . 1 . . . 2 . . 2 . 6 . . . . . . . . . Allies Hacked 8 | . . . . . . . . . . . . . . . . . . 2 1 5 . . . . . . . Hacks Repelled 5 | . . . . . . . . . . . . . . . . . . . . 5 . . . . . . . Allies | -11 -10 -10 -9 -9 -9 -8 -8 -8 -8 -8 -7 -7 -7 -7 -5 -5 -5 -5 -4 -3 -2 -2 -2 -2 -1 -1 -1 -------- Run | Yrd Mat Min Mat Min Exi Min Mat Gar Mat Gar Fac Sto Rec Scr Fac Gar Fac Gar Fac Res Res Gar Res Gar Acc Gar Acc Total Allies 84 | . . . 2 . . . . 3 1 9 . 11 2 1 . 14 . 22 7 7 2 . . . . 1 2 Largest Group 13 | . . . 2 2 . . . 2 1 3 . 11 13 13 . 4 4 7 4 5 1 . . . . 1 2 Highest-Rated Group 436 | . . . 25 25 . . . 38 21 44 . 205 257 436 . 187 187 229 101 193 64 . . . . 64 242 Highest-Rated Ally 191 | . . . 15 15 . . . 22 21 29 . 32 40 191 . 80 51 51 54 82 64 . . . . 64 178 Total Orders 62 | . . . . 3 . . . 4 2 . . . 2 43 . 4 . 2 1 1 . . . . . . . STAY 38 | . . . . 1 . . . 2 . . . . 1 32 . 1 . 1 . . . . . . . . . ROAM 2 | . . . . 1 . . . . 1 . . . . . . . . . . . . . . . . . . FOLLOW 18 | . . . . 1 . . . 2 1 . . . 1 11 . 1 . 1 . . . . . . . . . AID 2 | . . . . . . . . . . . . . . . . 1 . . . 1 . . . . . . . DROP 1 | . . . . . . . . . . . . . . . . . . . 1 . . . . . . . . RETURN 1 | . . . . . . . . . . . . . . . . 1 . . . . . . . . . . . Ally Attacks 665 | . . . 14 5 . . . 8 6 19 . 2 7 331 . 37 21 110 15 67 8 . . . . 1 14 Total Damage 25270 | . . . 243 60 . . . 77 135 392 . 110 77 16295 . 2559 518 2560 426 850 161 . . . . 49 758 Kills 158 | . . . 3 1 . . . 1 1 5 . 1 . 111 . 10 3 13 2 3 . . . . . . 4 Allies Corrupted 4 | . . . . 1 . . . . . . . . . . . 1 . . . 2 . . . . . . . Allies Melted 2 | . . . . . . . . . . . . . . . . . . 2 . . . . . . . . . Turrets Deployed 3 | . . . . . . . . . . . . . . 3 . . . . . . . . . . . . . Field Lobotomies 5 | . . . . . . . . . . . . . . 1 . . . . 2 2 . . . . . . . Intel | -11 -10 -10 -9 -9 -9 -8 -8 -8 -8 -8 -7 -7 -7 -7 -5 -5 -5 -5 -4 -3 -2 -2 -2 -2 -1 -1 -1 ------- Run | Yrd Mat Min Mat Min Exi Min Mat Gar Mat Gar Fac Sto Rec Scr Fac Gar Fac Gar Fac Res Res Gar Res Gar Acc Gar Acc Robot Analysis Total 4 | . 2 . . . . . 2 . . . . . . . . . . . . . . . . . . . . Derelict Logs Recovered 3 | . . 1 . 2 . . . . . . . . . . . . . . . . . . . . . . . Drone Launches 2 | . . . . . . . . . . . . . . . . 1 . 1 . . . . . . . . . Drone Recoveries 1 | . . . . . . . . . . . . . . . . 1 . . . . . . . . . . . Exploration | -11 -10 -10 -9 -9 -9 -8 -8 -8 -8 -8 -7 -7 -7 -7 -5 -5 -5 -5 -4 -3 -2 -2 -2 -2 -1 -1 -1 ------------- Run | Yrd Mat Min Mat Min Exi Min Mat Gar Mat Gar Fac Sto Rec Scr Fac Gar Fac Gar Fac Res Res Gar Res Gar Acc Gar Acc Turns Passed 48666 | 242 839 629 2683 634 971 887 1186 2245 429 1096 1314 195 1954 22438 219 3056 208 3281 1469 1408 368 73 206 92 87 79 378 Spaces Moved 22946 | 97 376 329 1163 328 529 473 293 1059 287 580 760 113 1008 8876 100 1175 82 1595 338 597 806 195 210 166 226 127 1058 Core 8 | 7 . . . . . . . . . . . . . 1 . . . . . . . . . . . . . Treads 4114 | 90 376 329 345 . . . . . . . . . . 1420 . 751 82 721 . . . . . . . . . Legs 3430 | . . . 818 328 529 473 293 989 . . . . . . . . . . . . . . . . . . . Wheels 5960 | . . . . . . . . . . . . . . 4239 100 424 . 874 189 134 . . . . . . . Hover 6040 | . . . . . . . . 70 287 580 760 113 1008 3216 . . . . . 6 . . . . . . . Flight 3394 | . . . . . . . . . . . . . . . . . . . 149 457 806 195 210 166 226 127 1058 Fastest Speed 16 | 50 160 160 160 180 180 180 180 132 132 132 132 144 144 74 175 175 240 110 120 30 30 23 33 23 33 33 16 Average Speed 151 | 153 160 160 175 180 180 180 180 188 132 149 140 144 175 150 175 220 240 171 365 177 36 30 35 31 33 33 27 Slowest Speed 1480 | 160 160 160 270 180 180 180 180 540 198 217 198 144 214 750 175 325 240 240 550 1480 37 37 113 33 33 33 99 Overloaded Moves 155 | . . . . . . . . . . . . . . . . . . . . 9 13 55 . 23 . . 55 Propulsion Burnouts . | . . . . . . . . . . . . . . . . . . . . . . . . . . . . Robots Hopped 15 | . . . . . . . . . . . . . . . . . . 3 . 2 3 3 . 3 . 1 . Cave-ins Triggered 1 | . . . . . . . . . . . . . . . . . . . . . . . . . . . 1 Exploration Rate (%) 44 | 7 67 66 93 30 72 84 30 90 28 50 23 27 97 95 4 90 4 97 7 21 25 44 7 34 8 18 36 Regions Visited 27 Branch Regions 7 Pre-discovered Areas 7 | . 1 1 2 . . . 3 . . . . . . . . . . . . . . . . . . . . Known Exits Taken 14 | . . 1 . 1 . 1 1 . 1 . 1 1 1 1 1 . 1 . . . 1 . 1 . 1 . . Unknown Exits Taken 6 | 1 1 . 1 . 1 . . . . . . . . . . . . . 1 1 . . . . . . . Scrap Searched 11 | . . 3 . . . 1 . . . . . . . 7 . . . . . . . . . . . . . Spaces Dug 155 | . 2 . 1 . . . 8 . 1 9 17 . 4 31 3 6 . 3 . 1 7 . 2 . . . 60 Terrain Destroyed 519 | . 4 19 90 . . 66 31 8 1 29 42 . 8 82 7 17 . 14 11 18 10 . 3 . . . 59 Melee 72 | . . . 1 . . . 8 . 1 9 17 . 4 . . 6 . 3 . . 5 . 2 . . . 16 Projectile 116 | . 4 . . . . . . . . . . . 4 60 7 3 . 8 6 18 5 . 1 . . . . AOE 261 | . . 19 89 . . 66 23 8 . 20 25 . . . . 6 . . 5 . . . . . . . . Terrain Rammed . | . . . . . . . . . . . . . . . . . . . . . . . . . . . . Walls Destroyed . | . . . . . . . . . . . . . . . . . . . . . . . . . . . . Machines Disabled . | . . . . . . . . . . . . . . . . . . . . . . . . . . . . Actions | -11 -10 -10 -9 -9 -9 -8 -8 -8 -8 -8 -7 -7 -7 -7 -5 -5 -5 -5 -4 -3 -2 -2 -2 -2 -1 -1 -1 --------- Run | Yrd Mat Min Mat Min Exi Min Mat Gar Mat Gar Fac Sto Rec Scr Fac Gar Fac Gar Fac Res Res Gar Res Gar Acc Gar Acc Total 35491 | 136 523 389 1700 366 550 502 923 1218 329 716 910 142 1132 17792 120 1470 87 2019 489 886 855 199 335 190 234 162 1117 Wait 10258 | . 82 9 402 26 . 20 596 45 12 8 28 19 58 8380 . 75 2 187 27 113 . 2 104 13 . 31 19 Move 22893 | 96 375 328 1162 327 528 472 293 1057 287 578 759 112 1007 8875 100 1173 82 1588 337 593 801 188 210 159 226 124 1056 Hop 10 | . . . . . . . . . . . . . . . . . . 2 . 1 2 2 . 2 . 1 . Pick Up 311 | 3 11 5 18 2 6 1 5 8 5 5 9 2 6 146 4 16 . 27 13 10 4 2 2 . 1 . . Fast Attach 84 | 7 . . 7 . . . . 3 . . 2 2 . 27 . 6 . 8 3 9 2 . 2 . 1 . 5 Attach 94 | . . 1 3 . . . 2 1 . 2 8 . 1 10 3 2 . 13 17 26 . 1 1 . . . 3 Detach 41 | . . . 1 . . . . . . . 3 . . 20 . . . 3 2 11 1 . . . . . . Swap 239 | 1 11 7 20 3 3 1 3 20 8 8 15 2 10 25 . 29 . 38 1 10 12 2 5 1 . . 4 Drop 304 | . 3 5 20 1 9 1 4 6 9 3 11 2 10 143 1 21 . 15 7 14 9 . 3 . 2 . 5 Fire 802 | 28 41 25 63 3 . 6 8 24 6 44 33 3 14 162 12 70 3 93 43 98 11 . 6 . . 1 5 Melee 275 | . . . 3 . 4 . 12 33 2 13 29 . 26 2 . 45 . 19 39 1 13 2 2 7 4 . 19 Ram . | . . . . . . . . . . . . . . . . . . . . . . . . . . . . Kick 2 | . . . 1 . . 1 . . . . . . . . . . . . . . . . . . . . . Crush 1 | 1 . . . . . . . . . . . . . . . . . . . . . . . . . . . Escape Stasis 142 | . . . . . . . . 20 . 55 13 . . . . 14 . 26 . . . . . 8 . 5 1 Rewire 25 | . . 9 . . . . . 1 . . . . . . . 15 . . . . . . . . . . . Trap 10 | . . . . 4 . . . . . . . . . 2 . 4 . . . . . . . . . . . Miscellaneous . | . . . . . . . . . . . . . . . . . . . . . . . . . . . . Route ------- -11/Scrapyard -10/Materials (discovered 5 exits: *Mat x3 / [*Min] / Sub) -10/Mines (discovered 3 exits: *Mat x2 / *Sub) -9/Materials (discovered 5 exits: *Mat x3 / *Min x2) -9/Mines (discovered 3 exits: Mat x2 / *Exi) -9/Exiles -8/Mines -8/Materials (discovered 4 exits: Fac x3 / Gar) -8/Garrison (discovered 3 exits: *Mat x3) -8/Materials -8/Garrison -7/Factory (discovered 4 exits: *Fac x2 / *Sto / Low) -7/Storage (discovered 2 exits: Fac / *Rec) -7/Recycling (discovered 2 exits: *Fac / *Scr) -7/Scraptown (discovered 2 exits: *Fac x2) -5/Factory -5/Garrison (discovered 3 exits: *Fac x3) -5/Factory -5/Garrison (discovered 3 exits: *Fac x3) -4/Factory -3/Research -2/Research -2/Garrison -2/Research -2/Garrison -1/Access -1/Garrison -1/Access To Epsilon Eridani History --------- Turn | Location | Event 26 | -11/Scrapyard | Discovered new exit (range 14) 243 | -11/Scrapyard | Entered Materials 301 | -10/Materials | Build established: Mutant 443 | -10/Materials | Discovered new exit (range 6) 631 | -10/Materials | Discovered new exit (range 13) 740 | -10/Materials | Identified exit to Subcaves 740 | -10/Materials | Identified exit to Materials 743 | -10/Materials | Derelicts attacked the area 831 | -10/Materials | Learned location of 1 exit from Recycling 886 | -10/Materials | Learned Storage emergency access door positions 900 | -10/Materials | Learned Storage stockpile data 906 | -10/Materials | Learned location of 1 exit from Recycling 911 | -10/Materials | Repaired Lgt. Treads 938 | -10/Materials | Repaired Lgt. Treads 947 | -10/Materials | Learned Storage stockpile data 1082 | -10/Materials | Entered Mines 1191 | -10/Mines | Learned location of Storage (-7) 1394 | -10/Mines | Found a hidden stash of uninstalled traps 1466 | -10/Mines | Learned Materials trap positions 1616 | -10/Mines | Discovered exit to Subcaves (range 8) 1711 | -10/Mines | Entered Materials 1711 | -9/Materials | Evolved 2 slots: Propulsion x1, Weapon x1 1712 | -9/Materials | Loaded intel: 19 trap records 1777 | -9/Materials | Discovered new exit (range 10) 2492 | -9/Materials | Discovered new exit (range 13) 2656 | -9/Materials | Build established: Gunner 2762 | -9/Materials | Learned Materials trap positions 2838 | -9/Materials | Learned location of Recycling (-7) 2867 | -9/Materials | Discovered new exit (range 11) 2906 | -9/Materials | Learned location of 1 exit from Storage 2965 | -9/Materials | Identified exit to Materials 3055 | -9/Materials | Loaded intel: 2 recycling unit locations 3162 | -9/Materials | Learned Materials emergency access door positions 3786 | -9/Materials | Build established: Mutant 4039 | -9/Materials | Repaired VSS Leg 4079 | -9/Materials | Repaired VSS Leg 4394 | -9/Materials | Entered Mines 4394 | -9/Mines | Accompanied by 2 allies 4395 | -9/Mines | Assembled infested the area 4397 | -9/Mines | Met a Derelict bent on vengeance 4400 | -9/Mines | Assisted by a Guerilla fighting off Assembled 4820 | -9/Mines | Identified exit to Exiles 4854 | -9/Mines | Learned 4 Materials zone layouts 4988 | -9/Mines | Build established: Tank 5021 | -9/Mines | Deemed a non-threat by the Exiles lab entrance 5028 | -9/Mines | Entered Exiles 5073 | -9/Exiles | Met 8R-AWN 5102 | -9/Exiles | Met EX-HEX 5151 | -9/Exiles | Met EX-BIN 5180 | -9/Exiles | Aligned with FarCom system 5181 | -9/Exiles | Given EX-Vault access code 5230 | -9/Exiles | Opened EX-Vault 5240 | -9/Exiles | Found Field Lobotomy Kit 5280 | -9/Exiles | Warned to stay clear of 0b10 Research branches 5352 | -9/Exiles | Found Deploy-a-Sentry 5357 | -9/Exiles | Found Deploy-a-Sentry 5362 | -9/Exiles | Found Deploy-a-Sentry 5550 | -9/Exiles | Build established: Mutant 5584 | -9/Exiles | Met EX-DEC 5794 | -9/Exiles | Found Flying Fortress v7 5979 | -9/Exiles | Discovered new exit (range 14) 5999 | -9/Exiles | Stole three prototypes: Flying Fortress v7, Field Lobotomy Kit, Deploy-a-Sentry 5999 | -9/Exiles | Entered Mines 6281 | -8/Mines | Build established: Skirmisher 6860 | -8/Mines | Discovered exit to Materials (range 13) 6886 | -8/Mines | Entered Materials 6886 | -8/Materials | Evolved 2 slots: Utility x2 6887 | -8/Materials | Identified exit to Factory 6888 | -8/Materials | Loaded intel: 13 trap records 7491 | -8/Materials | Build established: Mutant 7538 | -8/Materials | Learned location of Zion (-6) 7603 | -8/Materials | Learned Factory scanalyzer intel 7747 | -8/Materials | Learned Storage emergency access door positions 7775 | -8/Materials | Learned location of 1 exit from Storage 7795 | -8/Materials | Learned location of 1 exit from Lower Caves 7824 | -8/Materials | Learned 4 Lower Caves zone layouts 7862 | -8/Materials | Learned 8 Factory zone layouts 7909 | -8/Materials | Learned location of Lower Caves (-6) 7966 | -8/Materials | Learned Factory fabricator intel 8072 | -8/Materials | Identified exit to Garrison 8072 | -8/Materials | Entered Garrison 8314 | -8/Garrison | Learned Materials security intel 8402 | -8/Garrison | Build established: Hacker-Mutant 8410 | -8/Garrison | Triggered checkpoint 8585 | -8/Garrison | Triggered checkpoint 8589 | -8/Garrison | Triggered checkpoint 8636 | -8/Garrison | Destroyed 7 combat bots 8813 | -8/Garrison | Installed Relay Interface Framework 9114 | -8/Garrison | Garrison Relay disabled 9228 | -8/Garrison | Discovered new exit (range 9) 9366 | -8/Garrison | Triggered checkpoint 9658 | -8/Garrison | Garrison Relay disabled 9785 | -8/Garrison | Discovered new exit (range 15) 9949 | -8/Garrison | Build established: Bothacker-Mutant 9964 | -8/Garrison | Triggered checkpoint 10051 | -8/Garrison | Discovered new exit (range 15) 10116 | -8/Garrison | Triggered checkpoint 10317 | -8/Garrison | Entered Materials 10317 | -8/Materials | Accompanied by 1 ally 10746 | -8/Materials | Identified exit to Garrison 10746 | -8/Materials | Entered Garrison 10746 | -8/Garrison | Accompanied by 1 ally 10830 | -8/Garrison | Triggered checkpoint 10843 | -8/Garrison | Garrison Relay disabled 10902 | -8/Garrison | Triggered checkpoint 10994 | -8/Garrison | Triggered checkpoint 11025 | -8/Garrison | Lost 3 allies 11030 | -8/Garrison | Destroyed 7 combat bots 11140 | -8/Garrison | Learned Factory security intel 11166 | -8/Garrison | Expanded RIF knowledge: Alert ID Control 11184 | -8/Garrison | Discovered exit to Factory (range 12) 11204 | -8/Garrison | Build established: Bothacker-Skirmisher 11224 | -8/Garrison | Triggered checkpoint 11274 | -8/Garrison | Garrison Relay disabled 11842 | -8/Garrison | Entered Factory 11842 | -7/Factory | Evolved 2 slots: Utility x2 11843 | -7/Factory | Identified exit to Factory 11843 | -7/Factory | Identified exit to Lower Caves 11843 | -7/Factory | Identified exit to Storage 11844 | -7/Factory | FarCom data flow suspended 11845 | -7/Factory | Loaded intel: 6 fabricator locations 11846 | -7/Factory | Loaded intel: 4 scanalyzer locations 11875 | -7/Factory | Build established: Bothacker-Mutant 12968 | -7/Factory | Build established: Scavenger-Mutant 13055 | -7/Factory | Discovered exit to Factory (range 13) 13118 | -7/Factory | Fabricated Cmb. Airjet (x2) 13156 | -7/Factory | Entered Storage 13157 | -7/Storage | Identified exit to Recycling 13186 | -7/Storage | Assisted by bots powering up and referring to "LRC-V3" 13333 | -7/Storage | Used back door to open Recycling access 13351 | -7/Storage | Entered Recycling 13351 | -7/Recycling | Accompanied by 11 allies 13352 | -7/Recycling | Identified exit to Factory 13352 | -7/Recycling | Identified exit to Scraptown 13987 | -7/Recycling | Build established: Commander-Mutant 13993 | -7/Recycling | Scanned before Scraplab entrance 15085 | -7/Recycling | Build established: Commander-Tank 15231 | -7/Recycling | Entered Scraplab 15305 | -7/Recycling | Entered Scraptown 15305 | -7/Scraptown | Accompanied by 13 allies 15690 | -7/Scraptown | Visited The Evicted 15754 | -7/Scraptown | Visited Awakened 15863 | -7/Scraptown | Visited Cyclists 15891 | -7/Scraptown | Visited Spacefarers 16411 | -7/Scraptown | Discovered exit to Factory (range 13) 16550 | -7/Scraptown | Visited Bundlers 16760 | -7/Scraptown | Visited Shadow of the Wyrm 16813 | -7/Scraptown | Visited Red Mages 18039 | -7/Scraptown | Build established: Commander-Mutant 18443 | -7/Scraptown | Build established: Commander-Tank 18814 | -7/Scraptown | Build established: Commander-Mutant 19017 | -7/Scraptown | Assimilated Triborg with FLK Orb 19018 | -7/Scraptown | Attacked by Scraptown defenders 19046 | -7/Scraptown | DAS Turret deployed 19056 | -7/Scraptown | DAS Turret deployed 19090 | -7/Scraptown | Lost 11 allies 19327 | -7/Scraptown | Build established: Scavenger-Tank 23341 | -7/Scraptown | DAS Turret deployed 23585 | -7/Scraptown | Found Tri-treads 23600 | -7/Scraptown | Found Tri-treads 23613 | -7/Scraptown | Found Siege Cannon 23639 | -7/Scraptown | Found Siege Articulator 23950 | -7/Scraptown | Build established: Scavenger-Gunner 25503 | -7/Scraptown | Visited Chapter 10 25755 | -7/Scraptown | Visited Junk Repository 25797 | -7/Scraptown | Visited Science Guys 25821 | -7/Scraptown | Found Prototype Device 25821 | -7/Scraptown | Identified Master Drone Bay 25908 | -7/Scraptown | Visited Scrap Suit Storage 25959 | -7/Scraptown | Visited LU-1G1's Boring Crew 26065 | -7/Scraptown | Visited Supply Room 26241 | -7/Scraptown | Visited Science Testing Area 26266 | -7/Scraptown | Visited Observation Area 26700 | -7/Scraptown | Visited Curators Association 26962 | -7/Scraptown | Discovered exit to Factory (range 5) 27277 | -7/Scraptown | Found Prototype Storage 27277 | -7/Scraptown | Identified Vmp. Humpback 27321 | -7/Scraptown | Found Prototype Wheel 27366 | -7/Scraptown | Tech Extrapolator generated special schematic: Machine Rigger 27494 | -7/Scraptown | Found Prototype Special Weapon 27494 | -7/Scraptown | Identified LU-1G1's Laser Shovel 27619 | -7/Scraptown | Visited Sword Containment 27777 | -7/Scraptown | Tech Extrapolator generated special schematic: Vmp. Humpback 27922 | -7/Scraptown | Build established: Hauler-Mutant 28150 | -7/Scraptown | Found ID Mask 28276 | -7/Scraptown | Found Siege Articulator 29636 | -7/Scraptown | Entered Cyclist Reading Room 31414 | -7/Scraptown | Identified Ballwheel 32911 | -7/Scraptown | Found Scrap Suit 37743 | -7/Scraptown | Entered Factory 37743 | -5/Factory | Evolved 4 slots: Power x1, Propulsion x1, Utility x2 37962 | -5/Factory | Identified exit to Garrison 37962 | -5/Factory | Entered Garrison 38082 | -5/Garrison | Triggered checkpoint 38174 | -5/Garrison | Garrison Relay disabled 38420 | -5/Garrison | Spotted B-75 Beast 38436 | -5/Garrison | Triggered checkpoint 38447 | -5/Garrison | Master Drone dominated B-75 Beast. 38468 | -5/Garrison | Master Drone dominated B-60 Warrior. 38498 | -5/Garrison | Lost 6 allies 38710 | -5/Garrison | Triggered checkpoint 38735 | -5/Garrison | Build established: Hauler-Tank 38793 | -5/Garrison | Garrison Relay disabled 38838 | -5/Garrison | Triggered checkpoint 38838 | -5/Garrison | Expanded RIF knowledge: Patrol Navigation 38975 | -5/Garrison | Discovered new exit (range 13) 39083 | -5/Garrison | Found Quantum Capacitor 39290 | -5/Garrison | Triggered checkpoint 39312 | -5/Garrison | Triggered checkpoint 39341 | -5/Garrison | Tech Extrapolator generated special schematic: Energy Deflector 39372 | -5/Garrison | Build established: Hauler-Mutant 39808 | -5/Garrison | Learned Factory security intel 39851 | -5/Garrison | Discovered new exit (range 9) 39898 | -5/Garrison | Triggered checkpoint 40060 | -5/Garrison | Garrison Relay disabled 40233 | -5/Garrison | Build established: Hauler-Tank 40312 | -5/Garrison | Triggered checkpoint 40450 | -5/Garrison | Garrison Relay disabled 40545 | -5/Garrison | Discovered new exit (range 14) 41018 | -5/Garrison | Entered Factory 41018 | -5/Factory | Accompanied by 4 allies 41068 | -5/Factory | Build established: Hauler-Mutant 41226 | -5/Factory | Identified exit to Garrison 41226 | -5/Factory | Entered Garrison 41226 | -5/Garrison | Accompanied by 4 allies 41290 | -5/Garrison | Triggered checkpoint 41345 | -5/Garrison | Garrison Relay disabled 41484 | -5/Garrison | Lost 4 allies 41754 | -5/Garrison | Build established: Hauler-Tank 41890 | -5/Garrison | Triggered checkpoint 42039 | -5/Garrison | Discovered new exit (range 3) 42082 | -5/Garrison | Triggered checkpoint 42150 | -5/Garrison | Garrison Relay disabled 42572 | -5/Garrison | Triggered checkpoint 42698 | -5/Garrison | Triggered checkpoint 42719 | -5/Garrison | Discovered new exit (range 10) 42739 | -5/Garrison | Expanded RIF knowledge: Structural Interface 42857 | -5/Garrison | Garrison Relay disabled 43008 | -5/Garrison | Triggered checkpoint 43101 | -5/Garrison | Master Drone dominated S-27 Virus. 43106 | -5/Garrison | Master Drone dominated S-27 Virus. 43149 | -5/Garrison | Build established: Bothacker-Mutant 43256 | -5/Garrison | Core integrity fell below 50% 43288 | -5/Garrison | Lost 4 parts (1n1u2w) 43554 | -5/Garrison | Discovered new exit (range 13) 43574 | -5/Garrison | Garrison Relay disabled 43582 | -5/Garrison | Triggered checkpoint 43624 | -5/Garrison | Triggered checkpoint 43669 | -5/Garrison | Garrison Relay disabled 43804 | -5/Garrison | Spotted Striker 43805 | -5/Garrison | Spotted Striker 43819 | -5/Garrison | Allies destroyed Striker 43888 | -5/Garrison | Lost 5 allies 43932 | -5/Garrison | Triggered checkpoint 43999 | -5/Garrison | Build established: Botlord-Mutant 44165 | -5/Garrison | Core integrity fell below 20% 44507 | -5/Garrison | Entered Factory 44507 | -4/Factory | Accompanied by 1 ally 44507 | -4/Factory | Evolved 2 slots: Utility x2 44536 | -4/Factory | Found Quantum Capacitor 44657 | -4/Factory | Lost 4 parts (1p1n1u1w) 44955 | -4/Factory | Fabricated Energy Deflector (x1) 45340 | -4/Factory | Lost 3 parts (2p1n) 45405 | -4/Factory | Discovered new exit (range 14) 45507 | -4/Factory | First assault squad dispatched 45638 | -4/Factory | System corruption reached 10% 45679 | -4/Factory | Core integrity fell below 50% 45716 | -4/Factory | Core integrity fell below 20% 45733 | -4/Factory | P-70 Sage assimilated allied Processor 7a 45735 | -4/Factory | Lost 3 parts (1u2w) 45735 | -4/Factory | Assimilated P-70 Sage with FLK Orb 45878 | -4/Factory | Assimilated P-70 Sage with FLK Orb 45976 | -4/Factory | Entered Research 45976 | -3/Research | Accompanied by 4 allies 45976 | -3/Research | Evolved 2 slots: Propulsion x2 46226 | -3/Research | First assault squad dispatched 46367 | -3/Research | Lost 5 allies 46382 | -3/Research | Build established: Bothacker-Mutant 46542 | -3/Research | Assimilated K-01 Serf with FLK Orb 46545 | -3/Research | Assimilated P-80 Master with FLK Orb 46700 | -3/Research | Master 8a assimilated hostile W-44 Eye 46826 | -3/Research | P-80 Master assimilated allied Archangel 8a 46854 | -3/Research | Lost 3 allies 46896 | -3/Research | System corruption reached 10% 46904 | -3/Research | Core integrity fell below 50% 46987 | -3/Research | Core integrity fell below 20% 47002 | -3/Research | Lost 16 parts (4p3n7u2w) 47149 | -3/Research | ID Mask engaged 47328 | -3/Research | ID Mask no longer valid 47330 | -3/Research | Discovered new exit (range 4) 47384 | -3/Research | Entered another Research area 47384 | -2/Research | Evolved 2 slots: Propulsion x2 47436 | -2/Research | Spotted B-90 Cyclops 47465 | -2/Research | Spotted B-90 Cyclops 47600 | -2/Research | Tech Extrapolator generated special schematic: Wartreads 47660 | -2/Research | Search patrols dispatched 47706 | -2/Research | Spotted B-90 Cyclops 47752 | -2/Research | Identified exit to Garrison 47752 | -2/Research | Entered Garrison 47760 | -2/Garrison | Triggered checkpoint 47763 | -2/Garrison | Expanded RIF knowledge: Threat Obfuscation 47780 | -2/Garrison | Garrison Relay disabled 47790 | -2/Garrison | Spotted B-90 Cyclops 47800 | -2/Garrison | Garrison Relay disabled 47821 | -2/Garrison | Discovered new exit (range 10) 47825 | -2/Garrison | Entered Research 47842 | -2/Research | Tech Extrapolator generated special schematic: Vmp. Brace Plating 47997 | -2/Research | Repaired Broken Cld. Field Propulsion Drive 48031 | -2/Research | Identified exit to Garrison 48031 | -2/Research | Entered Garrison 48097 | -2/Garrison | Spotted B-90 Cyclops 48099 | -2/Garrison | Triggered checkpoint 48111 | -2/Garrison | Triggered checkpoint 48121 | -2/Garrison | Discovered new exit (range 8) 48123 | -2/Garrison | Identified exit to Access 48123 | -2/Garrison | Entered Access 48123 | -1/Access | Evolved 2 slots: Utility x2 48210 | -1/Access | Identified exit to Garrison 48210 | -1/Access | Entered Garrison 48236 | -1/Garrison | Spotted B-99 Colossus 48283 | -1/Garrison | Discovered new exit (range 6) 48286 | -1/Garrison | Triggered checkpoint 48289 | -1/Garrison | Identified exit to Access 48289 | -1/Garrison | Entered Access 48299 | -1/Access | Build established: Scavenger-Sprinter 48567 | -1/Access | Lost 5 parts (2n2u1w) 48572 | -1/Access | Spotted B-99 Colossus 48653 | -1/Access | Spotted B-99 Colossus 48655 | -1/Access | Spotted B-99 Colossus 48663 | -1/Access | Crushed by falling debris 48663 | -1/Access | Discovered new exit (range 3) 48667 | -1/Access | Identified exit to Surface 48667 | *** | Escaped! Last Messages --------------- 48631_ LU-1G1's Laser Shovel disintegrates Wall. 48636_ RIF reveals location of hidden door. 48641_ LU-1G1's Laser Shovel disintegrates Wall. 48645_ Acquired 9 matter. 48651_ LU-1G1's Laser Shovel disintegrates Wall. 48655_ LU-1G1's Laser Shovel disintegrates Earth. 48663_ LU-1G1's Laser Shovel disintegrates Reinforced Barrier. 48663_ The unstable cave ceiling collapses. 48663_ Crushed by falling debris. 48663_ Gravity Neutralizer destroyed. 48663_ System corrupted by crushing effect (+4). 48663_ Relay Coupler [Heavy] destroyed. 48663_ System corrupted by crushing effect (+2). 48663_ Mic. Antimatter Reactor destroyed. 48663_ System corrupted by crushing effect (+3). 48663_ LU-1G1's Laser Shovel disintegrates Main Access Shell. 48663_ EXIT=FOUND 48667_ EXIT=IDENTIFIED: SURFACE 48667_ LU-1G1's Laser Shovel disintegrates Main Access Shell. [Achievement: One Last FU] Map ----- +----------------------------------------------------+ | ?????????????????????????????????????????????????? | | ?????????????????????????????????????????????????? | | ?????????????????????????????????????????????????? | | ?????????????????????????????????????????????????? | | ?????????????????????????????????????????????????? | | ?????????????????????????????????????????????????? | | ?????????????????????????????????????????????????? | | ?????????????????????????????????????????????????? | | ?????????????????????????????????????????????????? | | #????????????????????????????????????????????????? | | #????????????????????????????????????????????????? | | #????????????????????????????????????????????????? | | #????????????????????????????????????????????????? | | +????????????????????????????????????????????????? | | #????????????????????????????????????????????????? | | #????????????????????????????????????????????????? | | ########?????????????????????????????????????????? | | #?????????????????????????????????????????? | | #?????????????????????????????????????????? | | #?????????????????????????????????????????? | | ! #????######???????????????????????????????? | | #??? "????????????"??????????????????? | | #??? ???"???????? "??????????????????? | | ### ????" """""" "??????????????????? | | ?????" " " "??????????????????? | | ??? "??" " "@ "??????????????????? | | ?? "??" " "" " "??????????????????? | | ### ? "??" " "??"??????????????????? | | #????###"# ? "??" """ "" "??????????????????? | | #######"##? "??" "??????????????????? | | # # ??????" "??????????????????? | | # "#?????????##"#######"??????????????????? | | # ##??????????###?????????????????????????? | | + ############# ##????????????????????????? | | # " #????????????????????????? | | #"######## ##############????????????????????????? | | #??###?????????????????????????????????????? | | #??????????????????????????????????????????? | | #??????????????????????????????????????????? | | ! #??????????????????????????????????????????? | | ! #??????????????????????????????????????????? | | ! #??????????????????????????????????????????? | | #??????????????????????????????????????????? | | #??????????????????????????????????????????? | | #??????????????????????????????????????????? | | #??????????????????????????????????????????? | | #######??????????????????????????????????????????? | | ?????????????????????????????????????????????????? | | ?????????????????????????????????????????????????? | | ?????????????????????????????????????????????????? | +----------------------------------------------------+ Best States ------------- Heat Dissipation 90 Energy Generation 45 Energy Capacity 1300 Matter Stores 500 Matter Capacity 500 Sight Range 16 Terrain Scan Density 10 Jamming Range 14 Additional Mass Support 12 Armor Coverage 800 Utility Shielding 66 Weapon Shielding 15 Projectile Deflection 10 Evasion (%) 79 Targeting Accuracy 6 Target Analysis 5 Armor Integrity Analysis 40 Recoil Reduction 4 Matter Filtering 50 Offensive Hacking 22 Defensive Hacking 12 Relay Coupler Types 2 Relay Coupler Value 61 Authchip Count 2 Trap Extractor Capacity 4 Item Schematics ----------------- Cmb. Airjet | -8/Materials | Scanalyzed Spk. Treads | -7/Scraptown | Extrapolated Mak. Coolant Network | -7/Scraptown | Extrapolated Mak. Light Armor Plating | -7/Scraptown | Extrapolated Machine Rigger | -7/Scraptown | Extrapolated Mak. Leg | -7/Scraptown | Extrapolated Vmp. Humpback | -7/Scraptown | Extrapolated Battle Rifle | -7/Scraptown | Extrapolated Barrage Gun | -7/Scraptown | Extrapolated 0b10 Decoder Chip [Scout] | -7/Scraptown | Extrapolated Mak. Medium Armor Plating | -7/Scraptown | Extrapolated Mak. Ablative Armor | -7/Scraptown | Extrapolated Spk. Medium Treads | -5/Factory | Extrapolated Mak. Hover Unit | -5/Factory | Extrapolated Beamcaster | -5/Garrison | Extrapolated 0b10 Decoder Chip [Generic] | -5/Garrison | Extrapolated 0b10 Decoder Chip [Skirmisher] | -5/Garrison | Extrapolated Tactical Coordination Suite | -5/Garrison | Extrapolated Energy Deflector | -5/Garrison | Extrapolated Mak. Laser | -5/Garrison | Extrapolated Hvy. Beamcaster | -5/Garrison | Extrapolated Hvy. Battle Rifle | -5/Garrison | Extrapolated Humpback | -5/Factory | Extrapolated Mak. Heavy Armor Plating | -5/Garrison | Extrapolated 0b10 Decoder Chip [Looter] | -4/Factory | Extrapolated Mak. Transmission Jammer | -4/Factory | Extrapolated Multitool | -3/Research | Extrapolated Mak. System Shield | -3/Research | Extrapolated Bore Cannon | -3/Research | Extrapolated Mak. Hacking Suite | -2/Research | Extrapolated Mak. Thermal Plating | -2/Research | Extrapolated Wartreads | -2/Research | Extrapolated Mak. Propulsion Shielding | -2/Research | Extrapolated Mak. ECM Suite | -2/Research | Extrapolated Vmp. Brace Plating | -2/Research | Extrapolated Mak. Targeting Computer | -2/Research | Extrapolated Mak. System Restoration Module | -2/Research | Extrapolated Mak. Salvage Targeting Computer | -1/Access | Extrapolated Mapping Drone Bay | -1/Garrison | Extrapolated Mak. Kinetic Plating | -1/Access | Extrapolated Mak. Core Shielding | -1/Access | Extrapolated Robot Schematics ------------------ None Fabricated ------------ Cmb. Airjet | x2 | -7/Factory | Authchip Energy Deflector | x1 | -4/Factory | Authchip Alien Tech Used ----------------- None Achievements -------------- One Last FU Sniper Challenges ------------ None Game ------ Seed DeepPhaseArticulator Manual? 0 Play Time 05:26:52 Cumulative 365.5 hours Start 2024.10.15 @ 16:06:30 End 2024.10.15 @ 23:11:58 Sessions 1 Manual Loads 0 Difficulty Rogue Special Mode None Game No. 274 Rogue 274 Adventurer 0 Explorer 0 Win Type 0 Total 6 Types 3/0/2/1/0/0/0/0/0 Lore% 75 Gallery% 82 Achievement% 66 Wizard Run 0 Options --------- Layout 2 ASCII 0 Keyboard 1 Movement Vi Keybinds 0 Fullscreen 2 Font 32/SmallcapsGlow Map View 77x44 Zoom Use 0% Tactical HUD 1 Map Filters NONE Filters NONE Steam 1 RUN: 58c9b66e-83a8-4545-b845-50b78022510e